 Dungeon Crawl Stone Soup version 0.28.0-47-ge53b351184 (webtiles) character file.

Game seed: 8794165664637343309

5323 Holzbalken the Cleaver (level 10, -3/73 HPs)
             Began as a Demonspawn Gladiator on May 6, 2022.
             Was an Elder of Qazlal.
             Slain by a freezing wraith (9 damage)
             ... on level 8 of the Dungeon.
             The game lasted 00:27:35 (6763 turns).

Holzbalken the Cleaver (Demonspawn Gladiator)       Turns: 6763, Time: 00:27:36

Health: -3/73      AC: 19    Str: 24    XL:     10   Next: 38%
Magic:  14/14      EV: 12    Int: 10    God:    Qazlal [****..]
Gold:   452        SH:  5    Dex: 15    Spells: 9/9 levels left

rFire   + + +      SeeInvis .   R - +4 war axe
rCold   + . .      Faith    .   (no shield)
rNeg    . . .      Spirit   .   u - +3 ring mail of Dogma {rF+}
rPois   .          Reflect  .   c - +0 helmet
rElec   .          Harm     .   v - scarf {rC+ rF+}
rCorr   .          Rampage  .   f - +2 pair of gloves
Will    .....                   (no boots)
Stlth   +.........              n - amulet of regeneration
HPRegen 1.02/turn               i - +6 ring of strength
MPRegen 0.14/turn               r - ring of protection from fire

@: sanguine armoured, studying Air Magic, repel missiles
A: powered by pain 1, sanguine armour 1, demonic touch 1
a: Renounce Religion, Upheaval, Elemental Force


You were on level 8 of the Dungeon.
You worshipped Qazlal.
Qazlal was greatly pleased with you.
You visited 1 branch of the dungeon, and saw 8 of its levels.
You also visited: Ossuary.

You collected 452 gold pieces.

Inventory:

Hand Weapons
 a - a +0 war axe
 x - a +0 scythe
 Q - a +0 vorpal morningstar
 R - a +4 war axe (weapon)
Missiles
 d - 3 throwing nets (quivered)
Armour
 c - a +0 helmet (worn)
 f - a +2 pair of gloves (worn)
 t - a +0 cloak
 u - the +3 ring mail of Dogma (worn) {rF+}
   (You found it on level 4 of the Dungeon)

   rF:        It protects you from fire.
 v - a scarf of resistance (worn)
 O - the +6 chain mail of the Meadowlark {rC+ Str-3 Int+6 Stlth+}
   (You found it on level 7 of the Dungeon)

   Str:       It affects your strength (-3).
   Int:       It affects your intelligence (+6).
   rC:        It protects you from cold.
   Stlth:     It makes you more stealthy.
Jewellery
 i - a +6 ring of strength (left hand)
 n - an amulet of regeneration (around neck)
 r - a ring of protection from fire (right hand)
 s - a +4 ring of protection
 D - a ring of see invisible
 F - a ring of ice
 H - an amulet of magic regeneration
 L - the ring "Vomigg" {Wiz Str+3}
   (You found it on level 7 of the Dungeon)

   [ring of wizardry]

   It improves your spell success rate.
   Str:       It affects your strength (+3).
Wands
 N - a wand of iceblast (10)
 P - a wand of mindburst (14)
Scrolls
 g - 4 scrolls of identify
 j - 4 scrolls of teleportation
 l - a scroll of immolation {unknown}
 o - 2 scrolls of blinking {unknown}
 q - a scroll of enchant weapon {unknown}
 w - 2 scrolls of fear
 y - a scroll of summoning {unknown}
 A - 2 scrolls of silence {unknown}
 G - a scroll of noise {unknown}
 K - a scroll of fog {unknown}
 S - a scroll of torment {unknown}
Potions
 b - 2 potions of mutation {unknown}
 e - 8 potions of curing
 h - a potion of invisibility {unknown}
 k - a potion of flight {unknown}
 m - a potion of haste {unknown}
 p - 4 potions of might {unknown}
 z - 3 potions of degeneration {unknown}
 B - 2 potions of cancellation {unknown}
 C - 2 potions of magic {unknown}
 E - a potion of attraction {unknown}
 I - 2 potions of resistance {unknown}
 J - a potion of heal wounds {unknown}
 M - a potion of ambrosia {unknown}


   Skills:
 + Level 4.9 Fighting
 * Level 12.4 Axes
 - Level 1.7 Throwing
 + Level 3.9 Armour
 - Level 2.6 Dodging
 + Level 5.8 Invocations


You had 9 spell levels left.
You didn't know any spells.
Your spell library contained the following spells:

 Spells                   Type           Power      Damage    Failure   Level
 Apportation              Tloc           0%         N/A       50%         1
 Alistair's Intoxication  Tmut/Pois      0%         N/A       100%        5


Dungeon Overview and Level Annotations

Branches:
Dungeon (8/15)             Temple (0/1) D:6         Ossuary (visited)
   Lair: D:8-11

Altars:
Ashenzari
Dithmenos
Elyvilon
Hepliaklqana
Qazlal
Trog
Uskayaw
Wu Jian
Xom
Yredelemnul

Annotations:
D:6 1 runed translucent door, L33tCrusader's ghost, novice DrBe


Innate Abilities, Weirdness & Mutations

You sometimes gain a little power by taking damage.
When seriously injured, your blood forms armour. (AC +6)
Your touch may inflict minor irresistible damage on your foes.


Message History

The freezing wraith freezes you! You resist.
The freezing wraith hits you but does no damage.
The white imp is engulfed in freezing vapours.
You kill the white imp!
Qazlal accepts your kill. The white imp gestures at you.
The puff of frost misses you.
The puff of frost hits the ice devil.
The ice devil completely resists.
You slash the ice devil!
You touch the ice devil.
The ice devil is almost dead.
You barely miss the ice devil. You closely miss the ice devil.
You hit the freezing wraith but do no damage.
The ice devil splashes around in the water.
The ice devil hits you but does no damage. x2
You block the freezing wraith's attack. x2
You closely miss the ice devil.
You touch the ice devil.
You kill the ice devil!
Qazlal accepts your kill.
You barely miss the ice devil. x2; You closely miss the freezing wraith.
The ice devil hits you but does no damage.
The ice devil hits you. The ice devil freezes you! You resist.
The freezing wraith barely misses you. x2
You closely miss the freezing wraith.
You touch the freezing wraith.
The freezing wraith is lightly damaged.
You hit the ice devil but do no damage. You completely miss the ice devil.
You hit the white imp. The white imp closely misses you.
The ice devil hits you but does no damage.
The ice devil hits you. The ice devil freezes you. You resist.
You barely miss the freezing wraith.
The freezing wraith is lightly damaged.
You barely miss the ice devil. You hit the ice devil but do no damage.
You closely miss the freezing wraith. You closely miss the white imp.
The freezing wraith barely misses you. x2; You block the white imp's attack.
The ice devil hits you but does no damage.
The ice devil completely misses you. The freezing wraith hits you.
* * * LOW HITPOINT WARNING * * *
The freezing wraith freezes you! You resist.
* * * LOW HITPOINT WARNING * * *
The freezing wraith hits you!
You die...

####........ ###.
#####.#.# .... ....
##### .... #..W #..#
4..# #..≈ ##≈..#
.##..W##≈≈#..##.
.....#5W#.......
......W@4.......
###..☼.(4....##
.######.####○''§####
................#
#######.######..#
#.# #..# .#######.#
#..# .......>.# #..!
...#####.## ##..#


You could see 2 ice devils, 3 freezing wraiths and a white imp.

Vanquished Creatures
  Maggie (D:7)
  An ice devil (D:8)
  Sigmund (D:2)
  6 yaks (D:8)
  A wyvern (D:8)
  A steam dragon (D:8)
  4 water moccasins
  2 orc warriors
  3 sky beasts
  A hornet zombie (Ossuary)
  A black bear (D:6)
  2 centaurs (D:7)
  2 phantoms
  3 scorpions (D:4)
  A wyvern zombie (Ossuary)
  6 wights
  A howler monkey (D:5)
  4 crimson imps (D:3)
  6 centaur zombies
  4 bullfrog zombies (Ossuary)
  3 hounds
  2 bullfrog skeletons (D:6)
  2 centaur skeletons
  3 jellies
  3 orc priests
  10 mummies (Ossuary)
  Terence (D:3)
  3 iguanas
  6 orc wizards
  4 killer bee zombies
  2 hound skeletons (D:4)
  A howler monkey zombie (Ossuary)
  A howler monkey skeleton (D:6)
  10 adders
  2 white imps (D:8)
  2 ufetubi
  3 dart slugs
  18 orcs
  11 bats
  11 endoplasms
  6 giant cockroaches
  5 goblins
  4 hobgoblins
  7 jackals (D:2)
  3 quokkas
  4 ball pythons
  2 frilled lizards
  A goblin zombie (D:6)
  9 kobolds
  A quokka skeleton (D:4)
  9 rats
  A rat zombie (D:6)
201 creatures vanquished.

Vanquished Creatures (others)
  3 fungi (D:4)
  A plant (D:4)
  7 withered plants (Ossuary)
11 creatures vanquished.

Grand Total: 212 creatures vanquished

Notes
Turn   | Place    | Note
-------+----------+-------------------------------------------
     0 | D:1      | Holzbalken the Demonspawn Gladiator began the quest for the
                  | Orb.
     0 | D:1      | Reached XP level 1. HP: 16/16 MP: 1/1
   156 | D:1      | Reached skill level 3 in Axes
   418 | D:1      | Gained mutation: You sometimes gain a little power by
                  | taking damage. [demonic ancestry]
   418 | D:1      | Reached XP level 2. HP: 16/22 MP: 2/2
  1178 | D:2      | You fall into a shaft and drop 1 floor!
  1178 | D:3      | Found a broken altar of Ashenzari.
  1446 | D:2      | Noticed Sigmund
  1486 | D:3      | Noticed Terence
  1499 | D:3      | Killed Terence
  1500 | D:3      | Reached skill level 4 in Axes
  1500 | D:3      | Reached XP level 3. HP: 10/27 MP: 3/3
  1711 | D:3      | Found a stormy altar of Qazlal.
  1713 | D:3      | Noticed an earth elemental
  1713 | D:3      | Noticed a water elemental
  1714 | D:3      | Noticed an air elemental
  1714 | D:3      | Noticed a fire elemental
  1719 | D:3      | Became a worshipper of Qazlal Stormbringer
  2106 | D:3      | Found a shimmering altar of Xom.
  2164 | D:3      | Found an ornate altar of the Wu Jian Council.
  2189 | D:3      | Gained mutation: Your touch may inflict minor irresistible
                  | damage on your foes. [demonic ancestry]
  2189 | D:3      | Reached XP level 4. HP: 26/33 MP: 4/4
  2304 | D:2      | Reached skill level 5 in Axes
  2574 | D:3      | Gained mutation: When seriously injured, your blood forms
                  | armour. (AC +6) [demonic ancestry]
  2574 | D:3      | Reached XP level 5. HP: 38/38 MP: 5/5
  2625 | D:3      | Reached skill level 6 in Axes
  2638 | D:3      | Reached * piety under Qazlal
  2816 | D:4      | Reached XP level 6. HP: 42/44 MP: 6/6
  2853 | D:4      | Identified the +3 ring mail of Dogma {rF+}
  2917 | D:4      | Found a basalt altar of Yredelemnul.
  3117 | D:4      | Reached skill level 7 in Axes
  3119 | D:4      | Noticed a water moccasin
  3134 | D:4      | Killed a water moccasin
  3135 | D:4      | Reached XP level 7. HP: 38/50 MP: 7/7
  3559 | D:4      | Reached ** piety under Qazlal
  3603 | D:4      | Reached skill level 8 in Axes
  3827 | D:5      | Entered Level 5 of the Dungeon
  3827 | D:5      | Noticed a +0 hand axe
  3827 | D:5      | Noticed a +0 dagger
  3827 | D:5      | Found a hide-covered altar of Uskayaw.
  3902 | D:5      | Found a hazy altar of Hepliaklqana.
  3952 | D:5      | Reached skill level 9 in Axes
  3952 | D:5      | Reached XP level 8. HP: 40/56 MP: 8/8
  4352 | D:2      | Killed Sigmund
  4361 | D:2      | Reached *** piety under Qazlal
  4462 | D:2      | Found a faded altar of an unknown god.
  4706 | D:6      | Found a staircase to the Ecumenical Temple.
  4726 | D:6      | Reached skill level 10 in Axes
  4799 | D:6      | Found a sand-covered staircase.
  4808 | Ossuary  | Entered an ossuary
  4855 | Ossuary  | Reached skill level 11 in Axes
  4909 | Ossuary  | Reached XP level 9. HP: 61/61 MP: 9/9
  4913 | Ossuary  | Reached skill level 1 in Invocations
  4965 | Ossuary  | Reached skill level 1 in Armour
  5259 | D:6      | Reached **** piety under Qazlal
  5479 | D:6      | Found a runed translucent door.
  5484 | D:6      | Noticed L33tCrusader's ghost (novice DrBe)
  5661 | D:7      | Identified the ring "Vomigg" {Wiz Str+3}
  5926 | D:7      | Identified the +6 chain mail of the Meadowlark {rC+ Str-3
                  | Int+6 Stlth+}
  5991 | D:7      | Noticed Maggie
  6013 | D:7      | Killed Maggie
  6200 | D:7      | Found a shadowy altar of Dithmenos.
  6417 | D:8      | Reached skill level 12 in Axes
  6601 | D:8      | Reached XP level 10. HP: 64/72 MP: 13/13
  6612 | D:8      | Reached skill level 5 in Invocations
  6710 | D:8      | Found a bloodstained altar of Trog.
  6763 | D:8      | Slain by a freezing wraith

Illustrated notes

Levels and vault maps discovered:
D:1:      kennysheep_arrival_forest, layout_basic, minmay_misc_feat_doors
D:2:      layout_rooms, ebering_ecumenical_altar_webs, st_stairs_8, uniq_sigmund
D:3:      layout_basic, nicolae_qazlal_style_of_elements,
          evilmike_ruin_ashenzari, led_xom_imps,
          pdpol_wu_jian_five_deadly_venoms, uniq_terence
D:4:      old_forge, layout_basic, kennysheep_ying_yang,
          kennysheep_generic_room_6
D:5:      layout_cave_pools, worldfamousw_hep_ancestral_shrine,
          dancing_weapons_uskayaw
D:6:      layout_basic, minmay_temple_entry_sparse_star,
          ebering_ghost_reflecting_pool, enter_ossuary_4, grunt_ministairs_1
D:7:      layout_loops_ring, lemuel_tele_altar, uniq_maggie
D:8:      layout_loops_ring, mainiacjoe_overflow_surrounded_room,
          gammafunk_ghost_necromancy, hellmonk_guarded_unrand_frostbite,
          uniq_erica

Skill      XL: |  1  2  3  4  5  6  7  8  9 10 |
---------------+-------------------------------+-----
Axes           | 3 4 5 6 7 9 11 12 | 12.4
Invocations    | 4 5 |  5.8
Armour         | 3 |  3.9
Fighting       | 4 |  4.9
Throwing       | |  1.7
Dodging        | |  2.6

Action                   |  1- 3 |  4- 6 |  7- 9 | 10-12 || total
-------------------------+-------+-------+-------+-------++-------
Melee: War axe           |    79 |   106 |   401 |    48 ||   634
       Punch             |     2 |     2 |     8 |       ||    12
       Touch             |       |    15 |    76 |    15 ||   106
  Use: Scroll            |       |       |     5 |       ||     5
       Potion            |       |       |       |     1 ||     1
 Stab: Sleeping          |     2 |       |       |       ||     2
Armor: Leather armour    |    19 |    25 |       |       ||    44
       Ring mail         |       |    24 |   188 |    26 ||   238
Dodge: Dodged            |    46 |    74 |   239 |    28 ||   387
Block: Other             |       |     4 |    56 |    15 ||    75
